[Event "EYCC Girls-U12 2019"]
[Site "Bratislava"]
[Date "2019.08.09"]
[Round "8.23"]
[White "Shukurova, Aydan"]
[Black "Kalenichenko, Alina"]
[Result "1/2-1/2"]
[ECO "A45"]
[WhiteElo "1372"]
[BlackElo "1549"]
[Annotator "NA"]
[PlyCount "85"]
[EventDate "2019.08.02"]
[EventType "swiss"]
[EventCountry "SVK"]
[SourceTitle "playchess.com"]
[Source "ChessBase"]
[SourceQuality "1"]
[TimeControl "40/5400+30:1800+30"]

1. d4 Nf6 2. Bf4 g6 3. Nc3 d5 4. e3 Bg7 5. h4 c5 6. Be2 h5 7. Nf3 Nc6 8. Ne5 cxd4 9. exd4 Qb6 10. Bb5 O-O 11. Bxc6 bxc6 12. Rb1 Ba6 13. Na4 Qa5+ 14. c3 Bb5 15. Nc5 Qxa2 16. Ncd3 Qa5 17. O-O Ne4 18. Ra1 Qd8 19. f3 Nd6 20. Re1 Nc4 21. b3 Nxe5 22. Nxe5 a5 23. Qd2 Rc8 24. Ra2 c5 25. Rea1 cxd4 26. cxd4 e6 27. g3 Qb6 28. Rxa5 Bc6 29. b4 Ra8 30. Rxa8 Rxa8 31. Rxa8+ Bxa8 32. Qc3 Bb7 33. Qc5 Qxc5 34. bxc5 Bxe5 35. Bxe5 Kf8 36. Kf2 Ke7 37. Bd6+ Kd7 38. Be5 Ba6 39. Ke3 Bb5 40. Kf2 Ke7 41. Bd6+ Kf6 42. Be5+ Kf5 43. Ke3 {Kxe5 Ke4+} 1/2-1/2

[Event "EYCC Girls-U12 2019"]
[Site "Bratislava"]
[Date "2019.08.09"]
[Round "8.24"]
[White "Mikhailina, Olga"]
[Black "Helliesen, Lykke-Merlot"]
[Result "0-1"]
[ECO "C77"]
[WhiteElo "1410"]
[BlackElo "1505"]
[Annotator "NA"]
[PlyCount "168"]
[EventDate "2019.08.02"]
[EventType "swiss"]
[EventCountry "SVK"]
[SourceTitle "playchess.com"]
[Source "ChessBase"]
[SourceQuality "1"]
[TimeControl "40/5400+30:1800+30"]

1. e4 e5 2. Nf3 Nc6 3. Bb5 a6 4. Ba4 Nf6 5. d3 b5 6. Bb3 d6 7. c3 Bg4 8. Nbd2 d5 9. exd5 Nxd5 10. h3 Bh5 11. Ne4 Bg6 12. O-O Nb6 13. Re1 Qd7 14. Bg5 Be7 15. Bxe7 Qxe7 16. Qe2 O-O-O 17. Rad1 Rhe8 18. Qc2 Qf8 19. d4 f5 20. Nc5 Qf6 21. Nxe5 Nxe5 22. Rxe5 Rxe5 23. dxe5 Rxd1+ 24. Qxd1 Qxe5 25. Nxa6 c5 26. Nxc5 Qxc5 27. Be6+ Kc7 28. Qf3 Nc4 29. Bxc4 Qxc4 30. Qg3+ Kc6 31. Qb8 Qf7 32. Qc8+ Qc7 33. Qa6+ Kc5 34. Qa3+ Kb6 35. Qb4 Qc5 36. Qf4 Kc6 37. Qb8 Qd6 38. Qc8+ Qc7 39. Qe6+ Qd6 40. Qc8+ Kb6 41. Qg8 Qd1+ 42. Kh2 Qd7 43. Qb8+ Kc5 44. Qe5+ Kc6 45. Qe3 Qd5 46. Qa7 Qe5+ 47. Kg1 Kd5 48. Qb7+ Kc4 49. Qc6+ Kd3 50. a4 Be8 51. Qf3+ Kc2 52. axb5 Bxb5 53. Qb7 h6 54. Qb6 f4 55. b4 Kxc3 56. Qa5 Kc4 57. Qa2+ Kxb4 58. Qb1+ Ka5 59. Qa2+ Kb6 60. Qd2 Qf6 61. Kh2 g5 62. g3 h5 63. h4 fxg3+ 64. fxg3 gxh4 65. Qe3+ Ka6 66. Qa3+ Kb7 67. gxh4 Qxh4+ 68. Kg2 Bc6+ 69. Kf1 Qh1+ 70. Kf2 Qg2+ 71. Ke1 Qe4+ 72. Kf2 h4 73. Qb2+ Kc7 74. Qg7+ Kb6 75. Qb2+ Kc5 76. Qc3+ Kd5 77. Qa5+ Ke6 78. Qa2+ Ke5 79. Qa5+ Kf4 80. Qc7+ Kg4 81. Qg7+ Kh3 82. Kg1 Qg2+ 83. Qxg2+ Bxg2 84. Kf2 Bc6 0-1

[Event "EYCC Girls-U12 2019"]
[Site "Bratislava"]
[Date "2019.08.10"]
[Round "9.1"]
[White "Shvedova, Alexandra"]
[Black "Verheij, Dana"]
[Result "1-0"]
[ECO "B20"]
[WhiteElo "1932"]
[BlackElo "1497"]
[Annotator "NA"]
[PlyCount "101"]
[EventDate "2019.08.02"]
[EventType "swiss"]
[EventCountry "SVK"]
[SourceTitle "playchess.com"]
[Source "ChessBase"]
[SourceQuality "1"]
[TimeControl "40/5400+30:1800+30"]

1. e4 c5 2. Ne2 d6 3. g3 Nc6 4. Bg2 g6 5. c3 Bg7 6. d4 cxd4 7. cxd4 e6 8. Nbc3 Nge7 9. O-O O-O 10. Be3 f5 11. f3 Kh8 12. Rc1 a6 13. d5 Ne5 14. Na4 b5 15. Nb6 Rb8 16. Nxc8 Rxc8 17. Nf4 exd5 18. Ne6 Qd7 19. Nxf8 Rxf8 20. exd5 Nc4 21. Bd4 Qb7 22. f4 Kg8 23. Bxg7 Kxg7 24. Qd4+ Kg8 25. Rfe1 Nc8 26. b3 Qb6 27. Qxb6 N4xb6 28. Rc6 h6 29. Rec1 g5 30. a4 bxa4 31. bxa4 a5 32. Bf1 Nxa4 33. Rxc8 Nc5 34. Rxf8+ Kxf8 35. Bb5 Kf7 36. Re1 gxf4 37. gxf4 Ne4 38. Rxe4 fxe4 39. Kf2 Kf6 40. Ke3 Kf5 41. Bd7+ Kf6 42. Kxe4 h5 43. h4 Ke7 44. Ba4 Kf6 45. Be8 Ke7 46. Bxh5 a4 47. Bd1 a3 48. Bb3 Kf6 49. h5 Ke7 50. Kf5 Kf7 51. Ba2 1-0

[Event "EYCC Girls-U12 2019"]
[Site "Bratislava"]
[Date "2019.08.10"]
[Round "9.2"]
[White "Huang, Wendy"]
[Black "Zhapova, Yana"]
[Result "1/2-1/2"]
[ECO "B93"]
[WhiteElo "1784"]
[BlackElo "1809"]
[Annotator "NA"]
[PlyCount "96"]
[EventDate "2019.08.02"]
[EventType "swiss"]
[EventCountry "SVK"]
[SourceTitle "playchess.com"]
[Source "ChessBase"]
[SourceQuality "1"]
[TimeControl "40/5400+30:1800+30"]

1. e4 c5 2. Nf3 d6 3. d4 cxd4 4. Nxd4 Nf6 5. Nc3 a6 6. f4 e5 7. Nf3 Qc7 8. a4 Nbd7 9. Bd3 Be7 10. O-O exf4 11. Kh1 O-O 12. Bxf4 Ne5 13. Bg5 Be6 14. Nd4 Nfg4 15. Bxe7 Qxe7 16. Qe1 Qg5 17. Nf5 Bxf5 18. Rxf5 Qh6 19. Qg3 b5 20. Nd5 Nxd3 21. cxd3 Ne5 22. Rh5 Qe6 23. Nc7 Qb3 24. Nxa8 Qxb2 25. Rf1 Rxa8 26. axb5 axb5 27. Rhf5 Qd4 28. Qf2 Qxf2 29. R5xf2 Nxd3 30. Rd2 Nc5 31. Rxd6 Nxe4 32. Rd4 Nc5 33. Rd5 Ne6 34. Rxb5 g6 35. Kg1 Kg7 36. Rb7 Rf8 37. Re1 Nd4 38. Rd7 Nf5 39. Red1 Re8 40. h3 Ng3 41. R1d3 Nh5 42. Kf2 Nf6 43. Ra7 Rb8 44. Kf3 Rb4 45. Re7 h5 46. Ra3 Nd5 47. Re4 Rb7 48. Rd3 Nf6 1/2-1/2

[Event "EYCC Girls-U12 2019"]
[Site "Bratislava"]
[Date "2019.08.10"]
[Round "9.3"]
[White "Karaivanova, Petya"]
[Black "Vlasova, Olesia"]
[Result "0-1"]
[ECO "B35"]
[WhiteElo "1792"]
[BlackElo "1799"]
[Annotator "NA"]
[PlyCount "102"]
[EventDate "2019.08.02"]
[EventType "swiss"]
[EventCountry "SVK"]
[SourceTitle "playchess.com"]
[Source "ChessBase"]
[SourceQuality "1"]
[TimeControl "40/5400+30:1800+30"]

1. e4 c5 2. Nf3 Nc6 3. d4 cxd4 4. Nxd4 g6 5. Nc3 Bg7 6. Be3 Nf6 7. Bc4 O-O 8. Bb3 a5 9. f3 d5 10. exd5 Nb4 11. d6 Qxd6 12. Ndb5 Qe5 13. Qd4 Qf5 14. Qd2 a4 15. Bxa4 Rxa4 16. Nd4 Qd7 17. Nxa4 Qxa4 18. O-O Nfd5 19. c3 Nxe3 20. Qxe3 Nd5 21. Qd2 Qa7 22. Kh1 Rd8 23. Nb3 Rd6 24. Qe2 Be6 25. Nd2 Nf4 26. Qe1 Nd3 27. Qh4 Bf6 28. Qg3 Nxb2 29. Ne4 Rd7 30. Nxf6+ exf6 31. Rf2 Nd3 32. Rff1 Qc5 33. h4 Qxc3 34. Rab1 Kg7 35. f4 Bxa2 36. Rbd1 Bc4 37. h5 Qd4 38. Kh2 Rd5 39. f5 Re5 40. Qh3 Re4 41. h6+ Kg8 42. g4 Re2+ 43. Kh1 Bd5+ 44. Rf3 Nf2+ 45. Kg2 Nxh3+ 46. Kxh3 Qxd1 47. Rc3 Qh1+ 48. Kg3 Qg2+ 49. Kh4 g5+ 50. Kh5 Qh2+ 51. Rh3 Qxh3# 0-1

[Event "EYCC Girls-U12 2019"]
[Site "Bratislava"]
[Date "2019.08.10"]
[Round "9.4"]
[White "Denic, Hana"]
[Black "Musabayeva, Diana"]
[Result "1-0"]
[ECO "B90"]
[WhiteElo "1821"]
[BlackElo "1679"]
[Annotator "NA"]
[PlyCount "240"]
[EventDate "2019.08.02"]
[EventType "swiss"]
[EventCountry "SVK"]
[SourceTitle "playchess.com"]
[Source "ChessBase"]
[SourceQuality "1"]
[TimeControl "40/5400+30:1800+30"]

1. e4 c5 2. Nf3 d6 3. d4 cxd4 4. Nxd4 Nf6 5. Nc3 a6 6. Nb3 e6 7. f4 Qc7 8. Qf3 b5 9. a3 Bb7 10. Bd3 Nbd7 11. g4 Nb6 12. g5 Nfd7 13. O-O Be7 14. Qh5 g6 15. Qg4 O-O-O 16. Be3 h6 17. h4 hxg5 18. hxg5 Rh5 19. Kg2 Rdh8 20. Rh1 Qd8 21. Rxh5 Rxh5 22. Rh1 Rxh1 23. Kxh1 Nc4 24. Bxc4 bxc4 25. Nd2 d5 26. exd5 exd5 27. Bd4 Kb8 28. Qg1 Bc5 29. Nf3 Qb6 30. Na4 Bxd4 31. Nxb6 Bxg1 32. Nxd7+ Kc7 33. Nde5 Be3 34. Nxf7 d4 35. Kg2 d3 36. cxd3 cxd3 37. Kg3 d2 38. Nxd2 Bxd2 39. Ne5 Be4 40. Nc4 Bc1 41. b4 Bd3 42. Ne5 Bc2 43. a4 Ba3 44. b5 a5 45. Kg4 Bb2 46. Nc4 Bc3 47. Ne3 Be4 48. Nc4 Bc2 49. Ne3 Be4 50. Nc4 Be1 51. Ne5 Bf2 52. Nc4 Bb6 53. Ne5 Kd6 54. Nf7+ Ke6 55. Ne5 Bd4 56. Nc4 Bf5+ 57. Kf3 Bc2 58. Nxa5 Bxa4 59. Nc6 Bb6 60. Ne5 Kf5 61. Nc4 Bc5 62. b6 Bb5 63. b7 Bc6+ 64. Kg3 Bxb7 65. Ne5 Bd6 66. Nxg6 Kxg6 67. Kg4 Bc8+ 68. Kf3 Kf5 69. Ke3 Bxf4+ 70. Kd4 Bxg5 71. Kd5 Bf4 72. Kd4 Bb7 73. Kd3 Ke5 74. Kc4 Be4 75. Kc5 Be3+ 76. Kc4 Kd6 77. Kc3 Kc5 78. Kb3 Bd2 79. Kb2 Kb4 80. Ka2 Bc1 81. Ka1 Bc2 82. Ka2 Kc3 83. Ka1 Kc4 84. Ka2 Kd3 85. Ka1 Kd2 86. Ka2 Kc3 87. Ka1 Bf4 88. Ka2 Bd6 89. Ka1 Be5 90. Ka2 Bf6 91. Ka3 Be7+ 92. Ka2 Bb3+ 93. Kb1 Bf6 94. Kc1 Bg5+ 95. Kb1 Bf4 96. Ka1 Bc2 97. Ka2 Bc1 98. Ka1 Kd3 99. Ka2 Ke2 100. Ka1 Kd1 101. Ka2 Bd2 102. Kb2 Bb4 103. Ka2 Kd2 104. Kb2 Kd3 105. Ka2 Kc3 106. Ka1 Bb3 107. Kb1 Ba3 108. Ka1 Kd2 109. Kb1 Kc3 110. Ka1 Bc2 111. Ka2 Bc5 112. Ka1 Bd4 113. Ka2 Bc5 114. Ka1 Kd2 115. Kb2 Bd6 116. Ka2 Kc1 117. Ka1 Ba4 118. Ka2 Kc2 119. Ka1 Be7 120. Ka2 Bb3+ 1-0

[Event "EYCC Girls-U12 2019"]
[Site "Bratislava"]
[Date "2019.08.10"]
[Round "9.5"]
[White "Mikheeva, Galina"]
[Black "Buyuk, Ecrin Efsa"]
[Result "0-1"]
[ECO "B12"]
[WhiteElo "1952"]
[BlackElo "1592"]
[Annotator "NA"]
[PlyCount "92"]
[EventDate "2019.08.02"]
[EventType "swiss"]
[EventCountry "SVK"]
[SourceTitle "playchess.com"]
[Source "ChessBase"]
[SourceQuality "1"]
[TimeControl "40/5400+30:1800+30"]

1. e4 c6 2. d4 d5 3. e5 Bf5 4. h4 h5 5. Bd3 Bxd3 6. Qxd3 e6 7. Nf3 Ne7 8. Bg5 Qc7 9. b3 Nd7 10. c4 dxc4 11. bxc4 c5 12. Bxe7 Bxe7 13. Nbd2 Rd8 14. Rb1 b6 15. Ke2 cxd4 16. Qxd4 Nf8 17. Qe4 Ng6 18. Nb3 Rc8 19. Rbc1 Qc6 20. Qxc6+ Rxc6 21. g3 O-O 22. Nfd4 Rc7 23. Nb5 Rd7 24. f4 a6 25. Nc3 Ba3 26. Rc2 Rc7 27. Nb1 Be7 28. Rd1 Rfc8 29. Rd4 Bf8 30. N1d2 b5 31. Kf3 Ne7 32. Re4 Nd5 33. Rc1 Nb6 34. Ke2 bxc4 35. Nd4 Nd5 36. f5 exf5 37. Nxf5 c3 38. Nb3 c2 39. Nd6 Nc3+ 40. Kd3 Nxe4 41. Kxe4 Rd8 42. Nd4 Bxd6 43. exd6 Rxd6 44. Ke5 Rb6 45. Rxc2 Rxc2 46. Nxc2 Rb2 0-1

[Event "EYCC Girls-U12 2019"]
[Site "Bratislava"]
[Date "2019.08.10"]
[Round "9.6"]
[White "Van, Foreest Machteld"]
[Black "Schippke, Manon"]
[Result "1-0"]
[ECO "B52"]
[WhiteElo "2186"]
[BlackElo "1743"]
[Annotator "NA"]
[PlyCount "91"]
[EventDate "2019.08.02"]
[EventType "swiss"]
[EventCountry "SVK"]
[SourceTitle "playchess.com"]
[Source "ChessBase"]
[SourceQuality "1"]
[TimeControl "40/5400+30:1800+30"]

1. e4 c5 2. Nf3 d6 3. Bb5+ Bd7 4. Bxd7+ Nxd7 5. O-O Ngf6 6. Re1 Rc8 7. Nc3 e6 8. d4 cxd4 9. Nxd4 a6 10. f4 Qb6 11. Kh1 e5 12. Nf5 g6 13. Ne3 Bg7 14. Ned5 Qd8 15. fxe5 Nxd5 16. Nxd5 Nxe5 17. Rf1 Qh4 18. Rf4 Qd8 19. Be3 Rc6 20. c3 O-O 21. Qe2 f6 22. Raf1 h5 23. a4 a5 24. Qb5 Nd7 25. Qxb7 Rc4 26. Qb3 Ne5 27. Nb6 Qc7 28. Nxc4 Qxc4 29. Qxc4+ Nxc4 30. Bd4 Nxb2 31. Bxf6 Bxf6 32. Rxf6 Rxf6 33. Rxf6 Nxa4 34. Rxg6+ Kf7 35. Rxd6 Nxc3 36. e5 a4 37. Ra6 h4 38. Kg1 Ke7 39. Kf2 Ne4+ 40. Ke3 Nc5 41. Ra5 Nd7 42. Rxa4 Nxe5 43. Rxh4 Kf6 44. Ke4 Ng6 45. Rh6 Kg5 46. Rxg6+ 1-0

[Event "EYCC Girls-U12 2019"]
[Site "Bratislava"]
[Date "2019.08.10"]
[Round "9.7"]
[White "Manko, Mariya"]
[Black "Siekanska, Maria"]
[Result "1-0"]
[ECO "D34"]
[WhiteElo "1807"]
[BlackElo "1561"]
[Annotator "NA"]
[PlyCount "111"]
[EventDate "2019.08.02"]
[EventType "swiss"]
[EventCountry "SVK"]
[SourceTitle "playchess.com"]
[Source "ChessBase"]
[SourceQuality "1"]
[TimeControl "40/5400+30:1800+30"]

1. Nf3 d5 2. c4 e6 3. g3 c5 4. Bg2 Nc6 5. O-O Nf6 6. cxd5 exd5 7. d4 Be7 8. Nc3 O-O 9. dxc5 Bxc5 10. Bg5 d4 11. Bxf6 Qxf6 12. Ne4 Qe7 13. Nxc5 Qxc5 14. Rc1 Qd6 15. Qa4 Bg4 16. Rfd1 Rad8 17. h3 Bxf3 18. Bxf3 Qe6 19. Kh2 Ne5 20. Bg2 d3 21. f4 Nc6 22. exd3 h5 23. d4 Ne7 24. Qb4 Nd5 25. Qd2 h4 26. g4 Rfe8 27. Re1 Qd6 28. Re5 Qb4 29. Qxb4 Nxb4 30. Rxe8+ Rxe8 31. d5 Nd3 32. Rc4 b5 33. Rd4 Nxb2 34. d6 Rd8 35. d7 Na4 36. Bc6 Nc5 37. Bxb5 a6 38. Bc6 f6 39. Rd5 Ne6 40. f5 Ng5 41. Ra5 Kf7 42. Rxa6 Ke7 43. Rb6 Nf7 44. Kg2 Ne5 45. Bb5 g5 46. Re6+ Kf7 47. Re8 Rxd7 48. Bxd7 Nxd7 49. Ra8 Ke7 50. Kf3 Kd6 51. Ke4 Kc5 52. a4 Kc4 53. a5 Nc5+ 54. Ke3 Kb5 55. Kd4 Nb3+ 56. Ke4 1-0

[Event "EYCC Girls-U12 2019"]
[Site "Bratislava"]
[Date "2019.08.10"]
[Round "9.8"]
[White "Korovina, Yana"]
[Black "Karmanova, Olga Dm."]
[Result "1-0"]
[ECO "B10"]
[WhiteElo "1602"]
[BlackElo "1838"]
[Annotator "NA"]
[PlyCount "111"]
[EventDate "2019.08.02"]
[EventType "swiss"]
[EventCountry "SVK"]
[SourceTitle "playchess.com"]
[Source "ChessBase"]
[SourceQuality "1"]
[TimeControl "40/5400+30:1800+30"]

1. e4 c6 2. Nf3 d5 3. d3 dxe4 4. Ng5 Nf6 5. Nc3 Bg4 6. Qd2 e6 7. Ngxe4 Bb4 8. a3 Be7 9. Be2 Bf5 10. Bf3 Nbd7 11. Qf4 Nb6 12. Nxf6+ Bxf6 13. Ne4 Be7 14. Qg3 Bg6 15. h4 h5 16. Bf4 Bxe4 17. Bxe4 Nd5 18. Bxd5 Qxd5 19. Qxg7 O-O-O 20. Qe5 Bd6 21. Qxd5 cxd5 22. Bxd6 Rxd6 23. Kd2 Rg8 24. g3 Rb6 25. Rab1 Kd7 26. Rhe1 f5 27. Re5 Rc8 28. d4 Rbc6 29. c3 b5 30. Re3 a5 31. b4 axb4 32. Rxb4 Ra8 33. Rxb5 Rxa3 34. Rb7+ Kd6 35. Rh7 Rca6 36. Rxh5 Ra1 37. Rf3 R6a2+ 38. Ke3 Re1+ 39. Kf4 Re4+ 40. Kg5 Ra8 41. Rf4 Rg8+ 42. Kf6 Re2 43. Rh7 Rb2 44. h5 Rf8+ 45. Rf7 Rh8 46. Kg6 Rb3 47. h6 Rxc3 48. h7 Rcc8 49. g4 Rb8 50. gxf5 e5 51. Rf6+ Ke7 52. dxe5 d4 53. Rxd4 Rb1 54. Rf7+ Ke8 55. Rfd7 Rg1+ 56. Kf6 1-0

[Event "EYCC Girls-U12 2019"]
[Site "Bratislava"]
[Date "2019.08.10"]
[Round "9.9"]
[White "Berezovsky, Fiorina"]
[Black "Zhou, Lepu Coco"]
[Result "1/2-1/2"]
[ECO "E62"]
[WhiteElo "1591"]
[BlackElo "1861"]
[Annotator "NA"]
[PlyCount "89"]
[EventDate "2019.08.02"]
[EventType "swiss"]
[EventCountry "SVK"]
[SourceTitle "playchess.com"]
[Source "ChessBase"]
[SourceQuality "1"]
[TimeControl "40/5400+30:1800+30"]

1. Nf3 Nf6 2. c4 g6 3. g3 Bg7 4. Bg2 O-O 5. d4 d6 6. O-O Nc6 7. Nc3 Bg4 8. h3 Bxf3 9. Bxf3 Qd7 10. Kh2 e5 11. e3 Rad8 12. d5 Ne7 13. e4 Ne8 14. g4 f5 15. b4 Nf6 16. a4 fxe4 17. Nxe4 Nxe4 18. Bxe4 Kh8 19. Be3 b6 20. b5 Ng8 21. Qd2 Nf6 22. f3 Rf7 23. Rf2 Rdf8 24. Raf1 Qc8 25. Kg2 a5 26. Bb1 Nd7 27. Qc2 Qd8 28. h4 Bf6 29. g5 Be7 30. Rh1 Rg7 31. Qe4 Nc5 32. Bxc5 Rf4 33. Qxf4 exf4 34. Bd4 Bf8 35. Re2 Kg8 36. Bxg7 Bxg7 37. Rhe1 Be5 38. Bd3 Kf7 39. Kh2 Kg7 40. Re4 Kf7 41. Rg1 h5 42. Bf1 Kg7 43. Bh3 Qf8 44. Be6 Qe7 45. Rge1 1/2-1/2

[Event "EYCC Girls-U12 2019"]
[Site "Bratislava"]
[Date "2019.08.10"]
[Round "9.10"]
[White "Tran, Alva Ling"]
[Black "Tsirekidze, Barbare"]
[Result "0-1"]
[ECO "C10"]
[WhiteElo "1712"]
[BlackElo "1527"]
[Annotator "NA"]
[PlyCount "82"]
[EventDate "2019.08.02"]
[EventType "swiss"]
[EventCountry "SVK"]
[SourceTitle "playchess.com"]
[Source "ChessBase"]
[SourceQuality "1"]
[TimeControl "40/5400+30:1800+30"]

1. e4 e6 2. d4 d5 3. Nc3 dxe4 4. Nxe4 Nd7 5. Nf3 Ngf6 6. Bd3 Be7 7. O-O O-O 8. Bf4 Nxe4 9. Bxe4 Nf6 10. Bd3 b6 11. c3 Bb7 12. Ne5 c5 13. dxc5 bxc5 14. Qc2 h6 15. Nc4 Nd5 16. Rad1 Qc8 17. Bg3 Ba6 18. Rfe1 Qb7 19. Qb3 Qxb3 20. axb3 h5 21. Ra1 Bxc4 22. Bxc4 Nb6 23. Be2 h4 24. Bf4 Nd5 25. Bd2 Bf6 26. Ra5 Rab8 27. Bd1 Rfd8 28. Rxc5 Nb4 29. cxb4 Rxd2 30. Kf1 Rbd8 31. Be2 Rxb2 32. Rc7 Rdd2 33. Rxa7 Bc3 34. g3 h3 35. f3 Rxe2 36. Ra8+ Kh7 37. Rxe2 Rb1+ 38. Kf2 Bd4+ 39. Re3 Rb2+ 40. Kf1 Bxe3 41. b5 Rxh2 0-1

[Event "EYCC Girls-U12 2019"]
[Site "Bratislava"]
[Date "2019.08.10"]
[Round "9.11"]
[White "Suarez Gomez, Paula"]
[Black "Putar, Lara"]
[Result "1-0"]
[ECO "B01"]
[WhiteElo "1438"]
[BlackElo "1608"]
[Annotator "NA RC"]
[PlyCount "119"]
[EventDate "2019.08.02"]
[EventType "swiss"]
[EventCountry "SVK"]
[SourceTitle "playchess.com"]
[Source "ChessBase"]
[SourceQuality "1"]
[TimeControl "40/5400+30:1800+30"]

1. e4 d5 2. exd5 Nf6 3. d4 Bg4 4. Nf3 Qxd5 5. Be2 e5 6. c4 Qa5+ 7. Bd2 Qb6 8. Nxe5 Bf5 9. Bc3 Ne4 10. Nd2 Nxc3 11. bxc3 Nd7 12. Nxd7 Bxd7 13. O-O Be7 14. Qc2 O-O 15. Rab1 Qa6 16. Bd3 Qh6 17. Be4 Bd6 18. g3 Rab8 19. c5 Be7 20. Bxb7 c6 21. Ba6 Bg4 22. Rfe1 Rxb1 23. Nxb1 Bg5 24. h4 Bd8 25. Qd2 Qg6 26. Bd3 f5 27. Qc2 Bxh4 28. Qb3+ Kh8 29. Qe6 Bf6 30. Qxc6 Qh5 31. Qh1 Re8 32. Rxe8+ Qxe8 33. Kf1 h6 34. Qb7 Bh3+ 35. Kg1 Qe1+ 36. Kh2 Bg4 37. Qg2 Kh7 38. f3 Bh5 39. Bxf5+ Bg6 40. Bxg6+ Kxg6 41. Qc2+ Kf7 42. d5 Be5 43. f4 Bxf4 44. gxf4 Qh4+ 45. Kg2 Qg4+ 46. Kf1 Qf3+ 47. Ke1 Qe3+ 48. Kd1 Qxf4 49. Nd2 Qg4+ 50. Kc1 Qg1+ 51. Kb2 Qxc5 52. Qf5+ Kg8 53. Qe6+ Kf8 54. d6 Qb6+ 55. Nb3 Qd8 56. d7 Qe7 57. Qf5+ Kg8 58. Qd5+ Kh7 59. Qd3+ Kh8 60. d8=Q+ 1-0

[Event "EYCC Girls-U12 2019"]
[Site "Bratislava"]
[Date "2019.08.10"]
[Round "9.12"]
[White "Ivanova, Dilyana"]
[Black "Gadasi, Noam"]
[Result "1-0"]
[ECO "B76"]
[WhiteElo "1734"]
[BlackElo "1585"]
[Annotator "NA RC"]
[PlyCount "103"]
[EventDate "2019.08.02"]
[EventType "swiss"]
[EventCountry "SVK"]
[SourceTitle "playchess.com"]
[Source "ChessBase"]
[SourceQuality "1"]
[TimeControl "40/5400+30:1800+30"]

1. e4 c5 2. Nf3 d6 3. d4 cxd4 4. Nxd4 Nf6 5. Nc3 g6 6. Be3 Bg7 7. f3 O-O 8. Qd2 Nc6 9. g4 Nxd4 10. Bxd4 Be6 11. h4 Qa5 12. h5 Rab8 13. hxg6 hxg6 14. g5 Nh5 15. Bxg7 Kxg7 16. Bh3 Qe5 17. O-O-O Rh8 18. Bxe6 fxe6 19. Ne2 Ng3 20. Nxg3 Qxg3 21. f4 Rbf8 22. Rxh8 Rxh8 23. Rf1 Rh4 24. b3 Rh2 25. Qd4+ e5 26. fxe5 Qxg5+ 27. Kb1 Qxe5 28. Qc4 Kh6 29. Qf7 Rh5 30. Qf8+ Qg7 31. Qb8 b5 32. Qxa7 g5 33. a4 bxa4 34. Qxa4 g4 35. Qc4 Qg6 36. b4 Re5 37. Rh1+ Kg7 38. Qc8 Rh5 39. Rf1 Kh7 40. Rf8 Rh1+ 41. Ka2 Qxe4 42. Rf7+ Kh6 43. Qh8+ Kg5 44. Qg8+ Qg6 45. Rg7 Qxg7 46. Qxg7+ Kf4 47. b5 g3 48. Qd4+ Kf3 49. Qd5+ Kf2 50. Qxh1 g2 51. Qh2 Kf1 52. b6 1-0

[Event "EYCC Girls-U12 2019"]
[Site "Bratislava"]
[Date "2019.08.10"]
[Round "9.13"]
[White "Komissarova, Soigina"]
[Black "Chicarosie, Ioana-Bianca"]
[Result "1-0"]
[ECO "C14"]
[WhiteElo "1663"]
[BlackElo "1580"]
[Annotator "NA RC"]
[PlyCount "151"]
[EventDate "2019.08.02"]
[EventType "swiss"]
[EventCountry "SVK"]
[SourceTitle "playchess.com"]
[Source "ChessBase"]
[SourceQuality "1"]
[TimeControl "40/5400+30:1800+30"]

1. e4 e6 2. d4 d5 3. Nc3 Nf6 4. Bg5 Be7 5. e5 Nfd7 6. Bxe7 Qxe7 7. Qg4 g6 8. h4 a6 9. Nf3 c5 10. dxc5 Nxc5 11. Nxd5 Qd8 12. Nf6+ Kf8 13. Be2 Qe7 14. O-O Nbd7 15. Qf4 Kg7 16. Ng4 h6 17. Rfd1 b5 18. Rd4 Bb7 19. Rad1 Nb6 20. Ne3 Nd5 21. Nxd5 Bxd5 22. c4 bxc4 23. Bxc4 Bc6 24. b3 a5 25. Nh2 Rac8 26. Qe3 h5 27. Be2 Nb7 28. Nf3 Rcd8 29. Ng5 Rxd4 30. Rxd4 Rd8 31. Rf4 Rf8 32. Rf6 Nc5 33. Qg3 Be4 34. Rf4 Bf5 35. Bxh5 Nd3 36. Rd4 Qc7 37. Nf3 Kh7 38. Bg4 Bxg4 39. Rxg4 Rc8 40. Ng5+ Kg7 41. Qxd3 Qxe5 42. Rc4 Rb8 43. Qc3 Qxc3 44. Rxc3 Rb7 45. g3 Rd7 46. Rc5 Ra7 47. Ne4 Ra6 48. Nd2 a4 49. b4 a3 50. Nc4 Kf6 51. b5 Ra4 52. Rc7 Rb4 53. Nxa3 Rb2 54. Nc4 Rxa2 55. b6 Ra1+ 56. Kg2 Rb1 57. b7 Rb5 58. Nd6 Rb6 59. Rc8 Ke7 60. b8=Q Rxb8 61. Rxb8 Kxd6 62. Kf3 Ke5 63. Rb5+ Kf6 64. Ke4 Kg7 65. g4 f5+ 66. gxf5 exf5+ 67. Kf4 Kh6 68. Rb6 Kh7 69. Kg5 f4 70. Rxg6 Kh8 71. Rb6 Kh7 72. Rb7+ Kg8 73. Kf6 f3 74. h5 Kh8 75. Kg6 Kg8 76. Rb8# 1-0

[Event "EYCC Girls-U12 2019"]
[Site "Bratislava"]
[Date "2019.08.10"]
[Round "9.14"]
[White "Arora, Tashika"]
[Black "Fileru, Maria"]
[Result "0-1"]
[ECO "D02"]
[WhiteElo "1447"]
[BlackElo "1602"]
[Annotator "NA RC"]
[PlyCount "144"]
[EventDate "2019.08.02"]
[EventType "swiss"]
[EventCountry "SVK"]
[SourceTitle "playchess.com"]
[Source "ChessBase"]
[SourceQuality "1"]
[TimeControl "40/5400+30:1800+30"]

1. d4 d5 2. Nf3 e6 3. Bf4 Nf6 4. e3 c5 5. Be2 Nc6 6. O-O Bd6 7. Bxd6 Qxd6 8. c4 O-O 9. Nc3 Rd8 10. dxc5 Qxc5 11. cxd5 Nxd5 12. Ne4 Qb4 13. Qc2 Bd7 14. a3 Qb6 15. Nc5 Rac8 16. Nxd7 Rxd7 17. Ne5 Rdd8 18. Nc4 Qc5 19. b4 Qe7 20. Qb3 b5 21. Nb2 Qb7 22. Nd3 a5 23. Rfc1 Qb6 24. e4 Nd4 25. Qb2 Nc3 26. Bf1 Nxe4 27. g3 Nd2 28. Nc5 a4 29. Rd1 N4f3+ 30. Kh1 Nxf1 31. Rxf1 Qc6 32. Qe2 Nd2+ 33. f3 Nxf1 34. Rxf1 Rd5 35. Rd1 Rxd1+ 36. Qxd1 Qd5 37. Qxd5 exd5 38. Kg2 Re8 39. Kf2 d4 40. Ne4 d3 41. g4 Rd8 42. Ke1 f6 43. Kd2 Kf7 44. Nc5 Rd4 45. Nxd3 Ke6 46. h4 f5 47. Ke3 Rc4 48. Nf4+ Ke5 49. Nd3+ Kf6 50. g5+ Ke6 51. Nf4+ Kd6 52. h5 Rc3+ 53. Kd4 Rxf3 54. Nd3 Rh3 55. Nf4 Rxa3 56. Nd3 Rxd3+ 57. Kxd3 Kd5 58. g6 h6 59. Kc3 f4 60. Kd3 a3 61. Kc3 f3 62. Kd3 a2 63. Ke3 a1=Q 64. Kxf3 Qd4 65. Kg3 Qe4 66. Kf2 Qd3 67. Kg2 Ke4 68. Kh2 Kf4 69. Kg2 Kg4 70. Kf2 Qd2+ 71. Kf1 Kg3 72. Kg1 Qe1# 0-1

[Event "EYCC Girls-U12 2019"]
[Site "Bratislava"]
[Date "2019.08.10"]
[Round "9.15"]
[White "Helliesen, Lykke-Merlot"]
[Black "Lomakina, Anzhelika"]
[Result "0-1"]
[ECO "E20"]
[WhiteElo "1505"]
[BlackElo "1752"]
[Annotator "NA RC"]
[PlyCount "151"]
[EventDate "2019.08.02"]
[EventType "swiss"]
[EventCountry "SVK"]
[SourceTitle "playchess.com"]
[Source "ChessBase"]
[SourceQuality "1"]
[TimeControl "40/5400+30:1800+30"]

1. d4 Nf6 2. c4 e6 3. Nc3 Bb4 4. f3 b6 5. e4 Ba6 6. Bg5 Qc8 7. Bd3 Nc6 8. Nge2 Na5 9. b3 Nc6 10. Qc2 e5 11. dxe5 Nxe5 12. O-O Qb7 13. a3 Be7 14. f4 Neg4 15. Rf3 Bc5+ 16. Kh1 Nf2+ 17. Rxf2 Bxf2 18. Bxf6 gxf6 19. Nd1 Bh4 20. g3 Bxg3 21. Nxg3 O-O-O 22. Nc3 Qc6 23. Nd5 Kb8 24. Qc3 Bb7 25. Nxf6 a6 26. Nd5 Qc5 27. b4 Qc6 28. Nf5 h5 29. Rg1 Qe6 30. Rg5 h4 31. h3 Rhg8 32. Rh5 Qg6 33. Rg5 Qe6 34. Rg7 b5 35. Rxg8 Rxg8 36. Qd4 bxc4 37. Bxc4 Qg6 38. Qf2 Qe6 39. Qd4 Qg6 40. Qf2 Qe6 41. Qe2 Re8 42. Nxh4 Bxd5 43. Bxd5 Qxd5 44. exd5 Rxe2 45. Ng2 Rd2 46. Kh2 Rxd5 47. h4 Kc8 48. Kg3 Kd8 49. Kg4 Ke7 50. h5 Kf6 51. Nh4 Rd1 52. h6 d5 53. Kh5 d4 54. Kg4 d3 55. Kf3 d2 56. h7 Kg7 57. Nf5+ Kxh7 58. Ke2 Rf1 59. Kxd2 Rxf4 60. Ne3 Kg6 61. Kd3 Rf3 62. Ke4 Rxe3+ 63. Kxe3 Kg5 64. a4 f5 65. b5 a5 66. Kf3 f4 67. Kf2 Kf5 68. Kf3 Ke5 69. Kf2 Ke4 70. Ke2 f3+ 71. Kf2 Kf4 72. Kf1 Ke3 73. Ke1 Kd3 74. Kf2 Kc3 75. Kxf3 Kb4 76. Ke4 {[%emt 0:00:17] Kxb5 axb5} 0-1